 Dungeon Crawl Stone Soup version 0.27-a0-1365-ge71e8f7681 (webtiles) character file.

Game seed: 14989763057432525899

838 Froggeryz the Cutter (level 7, -15/46 HPs)
             Began as an Octopode Berserker on June 28, 2021.
             Was a Priest of Trog.
             Blown up by a centaur (33 damage)
             ... with a mindburst bolt
             ... on level 5 of the Dungeon.
             The game lasted 00:03:09 (4410 turns).

Froggeryz the Cutter (Octopode Berserker)           Turns: 4410, Time: 00:03:10

Health: -15/46     AC:  5    Str: 17    XL:     7   Next: 99%
Magic:  7/7        EV: 13    Int:  9    God:    Trog [***...]
Gold:   286        SH:  0    Dex: 13    Spells: 6/6 levels left

rFire    . . .     SeeInvis +   f - +2 dagger (elec)
rCold    . . .     Faith    .   (no shield)
rNeg     . . .     Spirit   .   (helmet restricted)
rPois    .         Reflect  .   (no amulet)
rElec    .         Harm     .   o - ring of see invisible
rCorr    .         Rampage  .   j - +4 ring of protection
Will     .....                  (no ring)
Stlth    ++++......             (no ring)
HPRegen  0.15/turn              (no ring)
MPRegen  0.10/turn              (no ring)
                                (no ring)
                                (no ring)

@: no status effects
A: almost no armour, amphibious, 8 rings, camouflage 1, gelatinous body 1,
(nimble swimmer 1), tentacles
a: Renounce Religion, Berserk, Trog's Hand


You were on level 5 of the Dungeon.
You worshipped Trog.
Trog was most pleased with you.
You visited 1 branch of the dungeon, and saw 5 of its levels.

You collected 286 gold pieces.

Inventory:

Hand Weapons
 f - a +2 dagger of electrocution (weapon)
 k - a +1 short sword of draining
Missiles
 e - 2 throwing nets
 r - 9 boomerangs (quivered)
Jewellery
 j - a +4 ring of protection (right tentacle)
 o - a ring of see invisible (left tentacle)
Wands
 h - a wand of flame (43)
 m - a wand of polymorph (4)
Scrolls
 b - 3 scrolls of vulnerability {unknown}
 d - 3 scrolls of identify {unknown}
 g - 2 scrolls of amnesia {unknown}
 p - a scroll of enchant armour {unknown}
 t - a scroll of fog {unknown}
 u - a scroll of enchant weapon {unknown}
 v - a scroll of noise {unknown}
 w - a scroll of fear {unknown}
Potions
 a - 3 potions of curing {unknown}
 c - 4 potions of lignification {unknown}
 i - a potion of brilliance {unknown}
 l - 2 potions of cancellation {unknown}
 n - 2 potions of magic {unknown}
 q - 3 potions of heal wounds {unknown}
 s - 2 potions of haste {unknown}
 x - a potion of ambrosia {unknown}


   Skills:
 - Level 3.0 Fighting
 * Level 7.7 Short Blades
 - Level 3.0 Dodging
 + Level 6.9 Stealth


You had 6 spell levels left.
You didn't know any spells.
Your spell library was empty.

Dungeon Overview and Level Annotations

Branches:
Dungeon (5/15)             Temple (0/1) D:5

Altars:
Sif Muna
Yredelemnul
Zin
The Shining One


Innate Abilities, Weirdness & Mutations

You cannot wear most types of armour.
You are amphibious.
You can wear up to eight rings at the same time.
Your skin changes colour to match your surroundings (Stealth+).
Your rubbery body absorbs attacks. (AC +1, EV +1)
((You are camouflaged near water. (Stealth+)))
You have tentacles for arms and can constrict up to eight enemies at once.


Message History

You feel yourself speed up.
You start resting.
You recover from your berserk rage.
HP restored.
Found a whip.
A hound comes into view.
The hound barks!
A hound is nearby!
A hound is nearby!
You hit the hound but do no damage. Lightning courses through the hound!
You grab the hound.
The hound is severely wounded.
You constrict the hound.
The hound stops to sniff the ground.
The hound bites you but does no damage.
You hit the hound. You squeeze the hound.
You kill the hound!
Trog accepts your kill.
No target in view!
Key pressed, stopping explore.
No target in view!
A centaur comes into view.
It is wielding a +0 war axe and carrying a wand of mindburst (8).
The centaur moves out of view.
The centaur unwields a +0 war axe.
The centaur wields a +0 shortbow.
The centaur shoots an arrow.
The arrow closely misses you.
Found a stone staircase leading up.
The centaur shoots an arrow.
The arrow hits you!
The centaur shoots an arrow.
The arrow barely misses you.
The centaur shoots an arrow.
The arrow barely misses you.
Found 6 atropa-tipped darts.
A centaur is nearby!
The centaur shoots an arrow.
The arrow closely misses you.
The centaur zaps a wand.
Your mind is blasted!
You are too injured to fight recklessly!
The centaur shoots an arrow.
The arrow hits you.
The centaur unwields a +0 shortbow.
The centaur wields a +0 war axe.
The centaur hits you with a +0 war axe. The centaur misses you.
The centaur zaps a wand.
Your mind is blasted!
Ouch! That really hurt!
You die...

............#...
......# #.....#####..#
#......##..##.#.#.[..#
........#.. #.......##
.........####.......###
#(.......###.........#
#...................'
#..c...............#
#..@#..............#
#...#...............
#.<.................
##....##.#..........
##...#####.......#.
###.#####........#
##................
###PP..#..........#.
##PP.......P.P.###.#.


You could see a centaur.

Vanquished Creatures
  Sigmund (D:5)
  A phantom (D:5)
  Blork the orc (D:4)
  2 hounds
  An orc priest (D:3)
  A gnoll shaman (D:5)
  A jelly (D:5)
  Jessica (D:3)
  Ijyb (D:3)
  An iguana (D:4)
  2 orc wizards (D:3)
  11 gnolls
  8 adders
  An ufetubus (D:4)
  A dart slug (D:4)
  10 orcs
  6 endoplasms
  3 giant cockroaches
  7 goblins
  7 hobgoblins
  7 jackals (D:2)
  2 quokkas
  7 ball pythons
  5 bats (D:1)
  3 frilled lizards
  5 kobolds
  6 rats
102 creatures vanquished.

Vanquished Creatures (others)
  2 plants (D:5)
2 creatures vanquished.

Grand Total: 104 creatures vanquished

Notes
Turn   | Place    | Note
-------+----------+-------------------------------------------
     0 | D:1      | Froggeryz the Octopode Berserker began the quest for the
                  | Orb.
     0 | D:1      | Reached XP level 1. HP: 16/16 MP: 1/1
   192 | D:1      | Reached skill level 1 in Stealth
   194 | D:1      | Reached XP level 2. HP: 21/21 MP: 2/2
   820 | D:2      | Reached XP level 3. HP: 26/26 MP: 3/3
   821 | D:2      | Reached skill level 4 in Short Blades
   964 | D:2      | Reached XP level 4. HP: 21/31 MP: 4/4
  1128 | D:2      | Reached ** piety under Trog
  1370 | D:2      | Reached XP level 5. HP: 36/36 MP: 5/5
  1500 | D:2      | Found a faded altar of an unknown god.
  1937 | D:3      | Reached skill level 5 in Short Blades
  2149 | D:3      | Noticed Ijyb
  2156 | D:3      | Killed Ijyb
  2190 | D:3      | Noticed Jessica
  2196 | D:3      | Killed Jessica
  2197 | D:3      | Reached XP level 6. HP: 41/42 MP: 6/6
  2490 | D:3      | Reached *** piety under Trog
  2666 | D:3      | Reached skill level 6 in Short Blades
  2707 | D:3      | Found a basalt altar of Yredelemnul.
  2883 | D:4      | Noticed Blork the orc
  2889 | D:4      | Killed Blork the orc
  2890 | D:4      | Reached skill level 5 in Stealth
  3346 | D:4      | Reached XP level 7. HP: 46/46 MP: 7/7
  3554 | D:4      | Found a shimmering blue altar of Sif Muna.
  3558 | D:4      | Found a glowing golden altar of the Shining One.
  3559 | D:4      | Found a glowing silver altar of Zin.
  3766 | D:5      | Entered Level 5 of the Dungeon
  3779 | D:5      | Found a staircase to the Ecumenical Temple.
  3780 | D:5      | Noticed Sigmund
  3789 | D:5      | Killed Sigmund
  3790 | D:5      | Reached skill level 7 in Short Blades
  4410 | D:5      | Blown up by a centaur

Illustrated notes

Levels and vault maps discovered:
D:1:      minmay_arrival_shoal_huts, layout_basic
D:2:      layout_basic, shapermc_ecumenical_altar_notcrosses
D:3:      layout_basic, overflow_temple_1_default, uniq_jessica, uniq_ijyb
D:4:      minmay_spotlight, layout_basic, minitemple, uniq_blork_the_orc
D:5:      layout_cave_pools, minmay_temple_entry_trees, serial_shops,
          shop_statue, dk_noncrumbling_2, serial_bayou_pond_a, uniq_sigmund

Skill      XL: |  1  2  3  4  5  6  7 |
---------------+----------------------+-----
Stealth        | 1 2 3 4 5 6 |  6.9
Short Blades   | 4 5 6 7 |  7.7
Fighting       | |  3.0
Dodging        | |  3.0

Action                   |  1- 3 |  4- 6 |  7- 9 || total
-------------------------+-------+-------+-------++-------
Melee: Short sword       |    52 |     1 |       ||    53
       Constrict         |     9 |    18 |     8 ||    35
       Tentacles         |     4 |    10 |    10 ||    24
       Dagger            |       |    89 |    50 ||   139
Invok: Berserk           |     1 |     1 |     2 ||     4
 Stab: Sleeping          |     7 |    23 |       ||    30
       Distracted        |       |     1 |       ||     1
Armor: Skin              |     7 |     4 |     7 ||    18
Dodge: Dodged            |    30 |    32 |    33 ||    95

Table legend: (Time is in decaauts)
 A = Elapsed time spent in this place.
 B = Non-inter-level travel time spent in this place.
 C = Inter-level travel time spent in this place.
 D = Time resting spent in this place.
 E = Time spent auto-exploring this place.
 F = Levels seen in this place.
 G = Mean time per level.
                   A        B        C        D        E       F      G
               +--------+--------+--------+--------+--------+-----+--------+
         Total |   4405 |   4304 |    101 |    385 |   3343 |   5 |  881.0 |
       Dungeon |   4405 |   4304 |    101 |    385 |   3343 |   5 |  881.0 |
               +--------+--------+--------+--------+--------+-----+--------+

Top non-repeatable levels by time:
     D:4: 1210 daAuts
     D:1: 974 daAuts
     D:2: 970 daAuts
     D:3: 818 daAuts
     D:5: 432 daAuts
